AoeStats
← {WaZzU'P} Recluta4!

Black Forest

507879590Analyzed
4v4 RM · 12d ago on Sep 20, 2026· 61m 17s· 8 players
Game mode
Random Map
Map size
Large (8 player)
Population
200
Speed
Normal
Resources
Standard
Victory
Conquest
Starting age
Dark Age
Ending age
Imperial Age
RankedLock teamsTeams togetherTeam positionsShared explorationLock speedFull tech treeHidden civsTurbo modeCheats
Victory
Defeat
🇫🇷 Persians · France
1274
+14
🇺🇸 Georgians · United States
1240
+15
🇨🇴 Spanish · Colombia
1235
+15
🇵🇪 Sicilians · Peru
1216
+16
🇺🇸 Portuguese · United States
1227
-15
🇺🇸 Spanish · United States
1225
-15
🇨🇴 Maya · Colombia
1220
-15
🇻🇪 Tatars · Venezuela
1215
-15
Lord_Ermack
5:07 Loom
11:56 Feudal Age
16:45 Castle Age
16:47 Double-Bit Axe
16:43 Horse Collar
24:38 Fletching
26:46 Gold Mining
26:46 Stone Mining
28:25 Wheelbarrow
29:07 Hand Cart
33:52 Imperial Age
32:03 Bow Saw
32:10 Bodkin Arrow
32:15 Padded Archer Armor
33:19 Husbandry
33:29 Bloodlines
32:42 Elite Skirmisher
34:09 Heavy Cavalry Archer
35:13 Ballistics
34:34 Treadmill Crane
35:31 Conscription
35:27 Silk Armor
35:34 Bracer
35:50 Leather Archer Armor
37:06 Ring Archer Armor
37:39 Chemistry
36:52 Onager
38:11 Forging
38:07 Scale Barding Armor
37:57 Capped Ram
38:39 Town Watch
39:30 Siege Ram
42:56 Chain Barding Armor
43:12 Iron Casting
46:00 Plate Barding Armor
46:26 Blast Furnace
45:37 Light Cavalry
52:57 Pikeman
53:38 Squires
53:39 Scale Mail Armor
{WaZzU'P} Recluta4!
6:17 Loom
11:44 Feudal Age
15:57 Castle Age
14:06 Double-Bit Axe
15:04 Horse Collar
17:43 Bow Saw
17:34 Heavy Plow
20:06 Wheelbarrow
19:33 Town Watch
19:37 Loom
19:57 Fishing Lines
20:23 Gold Mining
21:44 Hand Cart
25:45 Stone Mining
26:36 Sanctity
27:55 Town Patrol
30:30 Scale Mail Armor
31:06 Stone Shaft Mining
30:43 Forging
33:44 Imperial Age
30:43 Pikeman
31:09 Arson
31:54 Chain Mail Armor
32:31 Iron Casting
32:14 Masonry
32:26 Ballistics
31:49 Treadmill Crane
32:20 Fortified Wall
32:05 Murder Holes
32:59 Guard Tower
33:09 Fletching
34:29 Arquebus
35:02 Plate Mail Armor
33:54 Halberdier
35:37 Blast Furnace
34:02 Onager
36:03 Chemistry
35:08 Siege Engineers
34:58 Guard Tower
35:39 Architecture
35:34 Conscription
35:30 Bodkin Arrow
35:51 Clinker Construction
35:34 Gillnets
36:28 Block Printing
36:46 Bracer
37:07 Bombard Tower
37:05 Caravan
37:16 Guilds
37:36 Coinage
37:49 Gambesons
39:24 Crop Rotation
39:54 Two-Man Saw
41:41 Capped Ram
42:11 Man-at-Arms
43:37 Banking
47:03 Elite Caravel
48:16 Carvel Hull
48:10 Careening
50:09 Circumnavigation
hargir
0:39 Loom
12:24 Feudal Age
17:09 Castle Age
15:03 Double-Bit Axe
20:55 Bow Saw
28:14 Town Watch
33:00 Imperial Age
30:27 Gold Mining
30:51 Stone Mining
31:45 Fletching
32:39 Padded Archer Armor
32:35 Bodkin Arrow
34:15 Leather Archer Armor
35:36 Wheelbarrow
35:03 Town Patrol
35:34 Conscription
36:26 Ballistics
35:51 Elite Plumed Archer
39:33 Ring Archer Armor
39:49 Bracer
40:52 Chemistry
40:51 Scale Mail Armor
43:29 Chain Mail Armor
43:59 Holcans
43:49 Forging
44:49 Hul'che Javelineers
50:24 Pikeman
51:56 Elite Skirmisher
52:16 Halberdier
56:20 Hand Cart
57:38 Squires
Ragnarok
3:09 Loom
12:40 Feudal Age
19:11 Castle Age
18:05 Double-Bit Axe
18:46 Horse Collar
24:44 Bow Saw
33:48 Imperial Age
32:46 Wheelbarrow
32:12 Gold Mining
32:13 Stone Mining
33:33 Scale Mail Armor
33:44 Forging
34:02 Hand Cart
33:36 Town Watch
34:32 Chain Mail Armor
33:39 Pikeman
34:55 Conscription
35:03 Padded Archer Armor
36:44 Chemistry
36:20 Leather Archer Armor
37:29 Ring Archer Armor
36:27 Elite Skirmisher
38:01 Plate Mail Armor
37:01 Halberdier
38:50 Thumb Ring
40:01 Iron Casting
39:18 Fletching
41:47 Blast Furnace
40:57 Bodkin Arrow
41:26 Ballistics
42:01 Squires
41:46 Gambesons
41:47 Arson
44:29 Man-at-Arms
Party Cannon
4:07 Loom
14:29 Feudal Age
18:07 Castle Age
16:17 Double-Bit Axe
18:36 Horse Collar
19:09 Bow Saw
18:52 Gold Mining
23:25 Bloodlines
28:48 Wheelbarrow
28:35 Fishing Lines
30:49 Hand Cart
31:16 Town Watch
31:40 Heavy Plow
31:35 Stone Mining
35:47 Imperial Age
33:18 Gillnets
33:41 Husbandry
33:48 Scale Barding Armor
35:14 Forging
35:25 Chain Barding Armor
36:50 Iron Casting
37:06 Conscription
36:14 Elite Monaspa
37:31 Plate Barding Armor
38:05 Treadmill Crane
39:25 Chemistry
38:51 Ballistics
40:16 Blast Furnace
40:14 Light Cavalry
42:00 Onager
42:12 Hussar
44:09 Caravan
46:23 Coinage
46:26 Aznauri Cavalry
48:11 Crop Rotation
48:09 Elite Skirmisher
48:47 Fletching
48:53 Capped Ram
50:45 Bodkin Arrow
50:51 Padded Archer Armor
50:47 Arrowslits
56:08 Siege Onager
Gompachiro
8:40 Loom
13:47 Feudal Age
17:31 Castle Age
16:12 Double-Bit Axe
16:48 Horse Collar
18:11 Fishing Lines
19:11 Bow Saw
25:29 Gillnets
28:26 Wheelbarrow
28:12 Gold Mining
28:12 Stone Mining
28:54 Bloodlines
28:44 Husbandry
33:14 Imperial Age
31:22 Hand Cart
31:44 Stone Shaft Mining
32:08 Ballistics
31:58 Masonry
32:30 Heavy Plow
32:44 Forging
32:40 Scale Barding Armor
32:47 Town Watch
33:34 Fervor
34:22 Iron Casting
33:54 Scale Barding Armor
33:32 Elite Conquistador
34:32 Conscription
34:34 Caravan
34:27 Cavalier
36:28 Chemistry
35:58 Architecture
35:38 Town Patrol
36:42 Two-Man Saw
36:18 Chain Barding Armor
37:01 Blast Furnace
37:02 Padded Archer Armor
38:21 Leather Archer Armor
38:46 Plate Barding Armor
40:18 Ring Archer Armor
41:03 Murder Holes
42:06 Fletching
45:07 Coinage
47:42 Guilds
50:21 Capped Ram
51:26 Siege Ram
frexnir
1:08 Loom
16:48 Feudal Age
17:09 Double-Bit Axe
21:11 Castle Age
22:06 Bow Saw
21:52 Stone Mining
24:38 Stone Shaft Mining
25:29 Wheelbarrow
25:41 Gold Mining
26:37 Fishing Lines
27:42 Gold Shaft Mining
27:52 Fletching
29:37 Bodkin Arrow
30:35 Gillnets
33:43 Hand Cart
36:44 Imperial Age
34:32 Town Watch
35:09 Bloodlines
35:34 Kamandaran
35:51 Masonry
36:02 Ballistics
35:52 Horse Collar
36:26 Husbandry
37:28 Conscription
37:35 Scale Barding Armor
38:52 Chemistry
37:47 Cavalier
40:10 Chain Barding Armor
40:02 Forging
39:24 Savar
42:18 Plate Barding Armor
43:30 Iron Casting
43:30 Padded Archer Armor
43:30 Crossbowman
44:16 Thumb Ring
44:50 Architecture
45:26 Conscription
45:26 Leather Archer Armor
46:12 Blast Furnace
51:05 Hand Cart
56:48 Light Cavalry
58:12 Ring Archer Armor
60:08 Hussar
61:07 Heavy Camel Rider
WALLS
2:56 Loom
11:35 Feudal Age
18:01 Castle Age
16:05 Double-Bit Axe
18:05 Gold Mining
17:57 Horse Collar
18:59 Bow Saw
19:26 Wheelbarrow
22:34 Hand Cart
24:39 Town Watch
29:19 Gold Shaft Mining
29:21 Stone Mining
33:27 Imperial Age
31:55 Stone Shaft Mining
31:22 Heavy Plow
32:03 Town Patrol
32:47 Scale Mail Armor
32:58 Forging
33:13 Arson
33:29 Squires
33:15 Gambesons
32:50 Pikeman
33:58 Chain Mail Armor
34:11 Caravan
34:57 Iron Casting
35:15 Plate Mail Armor
34:37 Fletching
34:24 Onager
34:35 Halberdier
36:35 Chemistry
35:56 Ballistics
36:59 Blast Furnace
35:55 Bodkin Arrow
36:45 Conscription
36:32 Padded Archer Armor
36:38 Bracer
37:17 Crop Rotation
37:17 Crossbowman
38:56 Leather Archer Armor
38:05 Arbalester
38:42 Siege Onager
41:23 Man-at-Arms
47:40 Long Swordsman
Connection lost

Rejoining the realm…

Still unreachable

The connection could not be restored.

Session expired

The server has moved on; the page needs a fresh start.